 Dungeon Sprint DCSS version 0.16-a0-3049-g2a447e9 (webtiles) character file.

1125 BluebellGnoll the Frost Mage (level 8, -15/52 HPs)
             Began as a Merfolk Ice Elementalist on Dec 9, 2014.
             Was a High Priest of Vehumet.
             Demolished by a white ugly thing (34 damage)
             ... in the Dungeon (Sprint V: "Ziggurat Sprint").
             The game lasted 00:12:11 (917 turns).

BluebellGnoll the Frost Mage (MfIE)                  Turns: 917, Time: 00:12:12

Health: -15/52     AC: 12    Str: 11    XL:     8   Next: 35%
Magic:  3/26       EV:  6    Int: 28    God:    Vehumet [*****.]
Gold:   0          SH: 28    Dex: 15    Spells: 7 memorised, 6 levels left

rFire  + . .     SeeInvis +     r - +14 obsidian axe {chop, +Fly Str+3 SInv Curse} (curse)
rCold  . . .     Clarity  .     I - +2 robe {rF+}
rNeg   + . .     SustAb   .     o - +18 shield of the gong {rElec rN+ MR+ EV-5} (curse)
rPois  .         Gourm    .     (no helmet)
rElec  +         Spirit   .     (no cloak)
rCorr  .         Warding  .     (no gloves)
rMut   .         NoTele   +     (no boots)
MR     +....                    (no amulet)
Stlth  ++........               q - +6 ring of intelligence
                                p - +6 ring of intelligence

@: lethally poisoned, icy armour, mesmerised, very slightly contaminated,
slowed, very slow, somewhat resistant to hostile enchantments, unstealthy
A: change form in water, swift swim
a: Renounce Religion, Evoke Flight


You were in the Dungeon.
You worshipped Vehumet.
Vehumet was extremely pleased with you.
You were full.

You visited 1 branch

Inventory:

Hand weapons
 r - the cursed +14 obsidian axe (weapon) {chop, +Fly Str+3 SInv Curse}
   (You found it in the Dungeon)

   It inflicts extra damage upon your enemies.
   It affects your strength (+3).
   It enhances your eyesight.
   It lets you fly.
   It may recurse itself when equipped.
   It has a curse placed upon it.
 s - a +9 demon trident of draining
Armour
 n - a +5 gold dragon armour
 o - the cursed +18 shield of the gong (worn) {rElec rN+ MR+ EV-5}
   (You found it in the Dungeon)

   It affects your evasion (-5).
   It insulates you from electricity.
   It protects you from negative energy.
   It affects your resistance to hostile enchantments.
   It has a curse placed upon it.
 I - a +2 robe of fire resistance (worn)
Jewellery
 p - a +6 ring of intelligence (left hand)
 q - a +6 ring of intelligence (right hand)
Magical devices
 j - a wand of disintegration (7)
 k - a wand of fire (3)
 l - a wand of cold (5)
 m - a wand of draining (3)
Scrolls
 i - 4 scrolls of blinking
 x - 4 scrolls of amnesia
 y - 3 scrolls of recharging
 z - 7 scrolls of fog
 A - a scroll of holy word
 B - 5 scrolls of identify
 C - 5 scrolls of remove curse
 D - 2 scrolls of fear
Potions
 d - 10 potions of curing
 e - 9 potions of heal wounds
 f - 6 potions of haste
 g - 7 potions of magic
 h - 3 potions of berserk rage
 E - 2 potions of brilliance
 F - 2 potions of invisibility
 G - 2 potions of restore abilities
 H - 4 potions of resistance
 J - 5 potions of agility
 K - 5 potions of might
Books
 b - a book of Power

   Spells                             Type                      Level
   a - Fulminant Prism                Conjuration/Hexes            4
   b - Iskenderun's Mystic Blast      Conjuration                  4
   c - Venom Bolt                     Conjuration/Poison           5
   d - Bolt of Magma                  Conjuration/Fire/Earth       5
   e - Iron Shot                      Conjuration/Earth            6
   f - Orb of Destruction             Conjuration                  7
   g - Spellforged Servitor           Conjuration/Summoning        7
 t - a tome of Destruction
 L - Sif Muna's Almanac of Orientation and the Entourage
   (You found it in the Dungeon)

   Spells                             Type                      Level
   a - Summon Butterflies             Summoning                    1
   b - Blink                          Translocation                2
   c - Recall                         Summoning/Translocation      3
   d - Teleport Other                 Translocation                3
   e - Force Lance                    Conjuration/Translocation    4
   f - Summon Hydra                   Summoning                    7
 M - Sif Muna's Disquisition on Bewitchment
   (You found it in the Dungeon)

   Spells                             Type                      Level
   a - Slow                           Hexes                        2
   b - Tukima's Dance                 Hexes                        3
   c - Cause Fear                     Hexes                        4
   d - Metabolic Englaciation         Hexes/Ice                    5
 N - a book of Minor Magic

   Spells                             Type                      Level
   a - Magic Dart                     Conjuration                  1
   b - Blink                          Translocation                2
   c - Call Imp                       Summoning                    2
   d - Repel Missiles                 Charms/Air                   2
   e - Slow                           Hexes                        2
   f - Conjure Flame                  Conjuration/Fire             3
   g - Mephitic Cloud                 Conjuration/Poison/Air       3
Miscellaneous
 a - a phial of floods
 u - a disc of storms
 O - a phial of floods (inert, charging)
Comestibles
 c - 5 bread rations
 v - 35 fruits
 w - 4 meat rations


   Skills:
 - Level 2.6 Dodging
 - Level 2.1 Stealth
 - Level 7.3 Shields
 - Level 10.3 Spellcasting
 - Level 4.8 Conjurations
 - Level 11.0 Ice Magic
 + Level 5.2 Evocations


You had 6 spell levels left.
You knew the following spells:

 Your Spells              Type           Power        Failure   Level  Hunger
a - Freeze                Ice            ####         1%          1    None
b - Throw Frost           Conj/Ice       ######       1%          2    None
c - Ozocubu's Armour      Chrm/Ice       #####...     1%          3    None
d - Mephitic Cloud        Conj/Pois/Air  ###.....     3%          3    None
e - Throw Icicle          Conj/Ice       ######..     1%          4    None
f - Summon Ice Beast      Ice/Summ       #####...     10%         4    None
i - Iskenderun's Mystic   Conj           #####...     3%          4    None


Dungeon Overview and Level Annotations

Branches:
Dungeon (1/1)

Altars:
Ashenzari
Cheibriados
Dithmenos
Elyvilon
Fedhas
Gozag
Kikubaaqudgha
Makhleb
Nemelex Xobeh
Okawaru
Qazlal
Ru
Sif Muna
Trog
Vehumet
Xom
Yredelemnul
Zin
The Shining One
Beogh
Jiyva
Lugonu


Message History

The quasit barely misses you.
Unknown command.
Unknown command.
Drink which item? (? for menu, Esc to quit)
You feel much better.
Visions of slaying the white ugly thing flood into your mind.
You feel very sick. You block the red wasp's attack.
GONNNNG!
The quasit bites your water elemental but does no damage.
The quasit barely misses your water elemental.
The quasit claws your water elemental but does no damage.
You block the quasit's attack.
GONNNNG!
The quasit claws you but does no damage.
You block the quasit's attack.
BONNNG!
The white ugly thing kicks you. The white ugly thing freezes you!!
Ouch! That really hurt!
You die...

8©8
▓..))...▓
▓..}:|..▓
▓...≈≈..▓
▓..≈§≈..▓
▓...§...▓
.5E5u..
▓.▓uy3▓.▓
▓.Y5@...▓
▓▓▓▓▓▓▓▓▓


You could see 2 ugly things, a red wasp, a neqoxec, 3 quasits, a friendly water
elemental and a friendly ice beast.

Vanquished Creatures
  A two-headed ogre (D)
  A neqoxec (D)
  A naga (D)
  A hell hound (D)
  2 water moccasins (D)
  2 ogres (D)
  2 mummies (D)
  A white imp (D)
  An adder zombie (D)
  A quokka zombie (D)
13 creatures vanquished.

Vanquished Creatures (collateral kills)
  An elf (shapeshifter) (D)
  A water moccasin (D)
  A crimson imp (D)
  An iron imp (D)
  An adder (D)
  An ufetubus (D)
  An adder skeleton (D)
7 creatures vanquished.

Vanquished Creatures (others)
  A water elemental (D)
  3 ice beasts (D)
4 creatures vanquished.

Grand Total: 24 creatures vanquished

Notes
Turn   | Place    | Note
--------------------------------------------------------------
     0 | D        | BluebellGnoll, the Merfolk Ice Elementalist, began the quest for the Orb.
     0 | D        | Reached XP level 1. HP: 13/13 MP: 3/3
     0 | D        | Found a viscous altar of Jiyva.
     0 | D        | Found a corrupted altar of Lugonu.
     0 | D        | Found a white marble altar of Elyvilon.
     1 | D        | Found a sparkling altar of Nemelex Xobeh.
     1 | D        | Found a burning altar of Makhleb.
     1 | D        | Found a deep blue altar of Sif Muna.
     1 | D        | Found an iron altar of Okawaru.
     3 | D        | Found a bloodstained altar of Trog.
    10 | D        | Found a radiant altar of Vehumet.
    12 | D        | Found a basalt altar of Yredelemnul.
    47 | D        | Reached skill level 7 in Shields
    47 | D        | Reached XP level 2. HP: 19/19 MP: 4/4
    51 | D        | Learned a level 2 spell: Throw Frost
    51 | D        | Found a shimmering altar of Xom.
    57 | D        | Became a worshipper of Vehumet
    86 | D        | Entered arena 1.
    91 | D        | Reached XP level 3. HP: 11/24 MP: 4/6
   100 | D        | Learned a level 3 spell: Ozocubu's Armour
   252 | D        | Entered arena 2.
   252 | D        | Noticed a two-headed ogre
   252 | D        | Noticed an ogre
   252 | D        | Noticed an ogre
   256 | D        | Killed an ogre
   256 | D        | Acquired Vehumet's first power
   256 | D        | Offered knowledge of Sting by Vehumet.
   256 | D        | Reached XP level 4. HP: 30/30 MP: 3/12
   256 | D        | Reached XP level 5. HP: 35/35 MP: 3/14
   259 | D        | Killed an ogre
   259 | D        | Reached skill level 8 in Ice Magic
   261 | D        | Killed a two-headed ogre
   261 | D        | Reached skill level 10 in Ice Magic
   261 | D        | Reached XP level 6. HP: 16/41 MP: 3/20
   365 | D        | Learned a level 4 spell: Summon Ice Beast
   370 | D        | Learned a level 4 spell: Throw Icicle
   449 | D        | Entered arena 3.
   449 | D        | Noticed an iron imp
   453 | D        | Offered knowledge of Shock by Vehumet.
   454 | D        | Killed an iron imp
   454 | D        | Reached skill level 11 in Ice Magic
   512 | D        | Entered arena 4.
   512 | D        | Noticed a crimson imp
   512 | D        | Noticed a hell hound
   517 | D        | Killed a crimson imp
   517 | D        | Acquired Vehumet's second power
   517 | D        | Reached skill level 1 in Conjurations
   517 | D        | Reached XP level 7. HP: 31/46 MP: 15/23
   518 | D        | Killed a hell hound
   519 | D        | Acquired Vehumet's third power
   526 | D        | Identified Sif Muna's Almanac of Orientation and the Entourage (You found it in the Dungeon)
   549 | D        | Learned a level 4 spell: Iskenderun's Mystic Blast
   785 | D        | Entered arena 5.
   785 | D        | Noticed a water moccasin
   785 | D        | Noticed a naga
   785 | D        | Noticed a water moccasin
   785 | D        | Noticed a water moccasin
   789 | D        | Killed a water moccasin
   789 | D        | Offered knowledge of Mephitic Cloud by Vehumet.
   795 | D        | Killed a water moccasin
   796 | D        | Killed a water moccasin
   796 | D        | Reached skill level 10 in Spellcasting
   798 | D        | Killed a naga
   798 | D        | Reached XP level 8. HP: 40/52 MP: 4/26
   803 | D        | Identified Sif Muna's Disquisition on Bewitchment (You found it in the Dungeon)
   821 | D        | Learned a level 3 spell: Mephitic Cloud
   906 | D        | Entered arena 6.
   906 | D        | Noticed a neqoxec
   906 | D        | Noticed a red wasp
   906 | D        | Noticed an elf
   906 | D        | Noticed a neqoxec
   906 | D        | Noticed a white ugly thing
   906 | D        | Noticed a red ugly thing
   912 | D        | Killed a neqoxec
   912 | D        | Offered knowledge of Dazzling Spray by Vehumet.
   915 | D        | Killed an elf
   915 | D        | Reached skill level 5 in Evocations
   916 | D        | HP: 1/52 [quasit[a neqoxec] (3)]
   917 | D        | Demolished by a white ugly thing

Action                   |  1- 3 |  4- 6 |  7- 9 || total
-------------------------+-------+-------+-------++-------
Melee: Broad axe         |     4 |     9 |       ||    13
 Cast: Ozocubu's Armour  |     1 |     2 |     2 ||     5
       Freeze            |       |     2 |    11 ||    13
       Summon Ice Beast  |       |     3 |     5 ||     8
       Throw Icicle      |       |       |     4 ||     4
Evoke: Wand              |     2 |       |     2 ||     4
       Phial of floods   |       |       |     2 ||     2
  Use: Potion            |     1 |       |     1 ||     2
       Scroll            |       |     5 |       ||     5
  Eat: Fruit             |     7 |       |       ||     7
